 Dungeon Crawl Stone Soup version 0.24-a0-446-g87df7205b4 (webtiles) character file.

Game seed: 8188778680265680904

275 Aksej the Skirmisher (level 6, -13/51 HPs)
             Began as a Demonspawn Chaos Knight on June 24, 2019.
             Was a Plaything of Xom.
             Mangled by a soul eater (18 damage)
             ... summoned by Xom
             ... on level 2 of the Dungeon.
             The game lasted 00:05:50 (1674 turns).

Aksej the Skirmisher (Demonspawn Chaos Knight)      Turns: 1674, Time: 00:05:50

Health: -13/51     AC: 10    Str: 13    XL:     6   Next: 3%
Magic:  6/6        EV: 16    Int: 14    God:    Xom [.....*]
Gold:   132        SH:  0    Dex: 17    Spells: 5/5 levels left

rFire    . . .     SeeInvis .   a - +0 hand axe (chaos)
rCold    . . .     Gourm    .   (no shield)
rNeg     . . .     Faith    .   b - +3 leather armour
rPois    .         Spirit   .   (no helmet)
rElec    .         Reflect  .   i - scarf {cloud immunity}
rCorr    .         Harm     .   (no gloves)
MR       .....                  (no boots)
Stlth    +++.......             (no amulet)
HPRegen  0.17/turn              g - +5 ring of strength
MPRegen  0.10/turn              (no ring)

@: agile, lightly drained
A: talons 1, iridescent scales 2, clumsy 1, weak 2
a: Renounce Religion


You were on level 2 of the Dungeon.
You worshipped Xom.
You were Xom's teddy bear.
You were not hungry.

You visited 1 branch of the dungeon, and saw 3 of its levels.

You collected 132 gold pieces.

Inventory:

Hand Weapons
 a - a +0 hand axe of chaos (weapon)
Missiles
 f - 5 boomerangs (quivered)
Armour
 b - a +3 leather armour (worn)
 i - a scarf of cloud immunity (worn)
Jewellery
 g - a +5 ring of strength (left hand)
Wands
 k - a wand of polymorph (8)
Scrolls
 h - 3 scrolls of remove curse
 j - a scroll of magic mapping
Potions
 d - a potion of brilliance
Comestibles
 c - 5 rations
 l - 6 chunks of flesh


   Skills:
 * Level 5.1(4.7) Fighting
 + Level 4.1(3.7) Axes
 + Level 2.0(1.6) Armour
 + Level 1.5(1.1) Dodging
 + Level 1.3(0.9) Stealth


You had 5 spell levels left.
You didn't know any spells.
Your spell library was empty.

Dungeon Overview and Level Annotations

Branches:
Dungeon (3/15)

Altars:

Annotations:
D:3 Robin


Innate Abilities, Weirdness & Mutations

You have sharp toenails.
You are mostly covered in iridescent scales. (AC +4)
You are clumsy. (Dex -2)
You are very weak. (Str -4)


Message History

The shadow imp barely misses you.
You closely miss the shadow imp. You claw the shadow imp.
The shadow imp is lightly wounded.
You completely miss the soul eater. The shadow imp gestures at you.
Pain shoots through your body! The soul eater hits you.
You feel agile all of a sudden. The soul eater hits you!!
* * * LOW HITPOINT WARNING * * *
A shower of butterflies erupts from you!
You feel drained.
* * * LOW HITPOINT WARNING * * *
The shadow imp hits you.
* * * LOW HITPOINT WARNING * * *
Okay, then.
You hit the soul eater but do no damage.
Your kick misses the soul eater. You closely miss the shadow imp.
The soul eater hits you!!
You die...
Xom snickers!

#############.#..################
#.........# #................)...
#.#######.# #.#..################
#.# #.#####.................. #.#
#.........########..#####
#.##############.........#..#####
..........# #b#######.#.......
#.#######.### #5# #.......####
#.##........# #@# #.......#
#.##........# #3### #.......#
............# #5..# #.......#
............## #b..# #########
....#######..# #...# #####
....########.###.### #...#
.........###..##.######...#
...#......................#
...#.....####..#.########.#


You could see a soul eater, a shadow imp and an ufetubus.

Vanquished Creatures
  Sigmund (D:2)
  Natasha (twice) (D:2)
  2 adders (D:2)
  A dart slug (D:1)
  3 leopard geckos
  A ball python (D:1)
  6 bats (D:1)
  A giant cockroach (D:1)
  8 hobgoblins
  A quokka (D:2)
  A frilled lizard (D:2)
  10 goblins
  6 kobolds
  6 rats
49 creatures vanquished.

Notes
Turn   | Place    | Note
-------+----------+-------------------------------------------
     0 | D:1      | Aksej the Demonspawn Chaos Knight began the quest for the
                  | Orb.
     0 | D:1      | Reached XP level 1. HP: 18/18 MP: 1/1
    39 | D:1      | XOM: harmless Ice miscast
    53 | D:1      | XOM: potion effect (invisibility)
    65 | D:1      | Gained mutation: You are partially covered in iridescent
                  | scales. (AC +2) [demonic ancestry]
    65 | D:1      | Reached XP level 2. HP: 24/24 MP: 2/2
   268 | D:1      | XOM: harmless Fire miscast
   348 | D:1      | Gained mutation: You are mostly covered in iridescent
                  | scales. (AC +4) [demonic ancestry]
   348 | D:1      | Reached XP level 3. HP: 26/30 MP: 3/3
   797 | D:2      | XOM: silly message
   799 | D:2      | Reached skill level 4 in Fighting
   977 | D:2      | XOM: give mutations
   977 | D:2      | Gained mutation: You are weak. (Str -2) [Xom's mischief]
   977 | D:2      | Gained mutation: You are very weak. (Str -4) [Xom's
                  | mischief]
   977 | D:2      | Gained mutation: You are clumsy. (Dex -2) [Xom's mischief]
  1031 | D:2      | Noticed Natasha
  1039 | D:2      | Killed Natasha
  1039 | D:2      | Reached skill level 1 in Dodging
  1039 | D:2      | Gained mutation: You have sharp toenails. [demonic
                  | ancestry]
  1039 | D:2      | Reached XP level 4. HP: 32/38 MP: 4/4
  1155 | D:2      | Noticed Sigmund
  1185 | D:2      | XOM: enchant monster (good)
  1191 | D:2      | XOM: blink monster(s)
  1200 | D:2      | XOM: harmless Conj miscast
  1204 | D:2      | Killed Sigmund
  1204 | D:2      | Reached skill level 5 in Fighting
  1204 | D:2      | Reached skill level 1 in Stealth
  1204 | D:2      | Reached XP level 5. HP: 32/44 MP: 5/5
  1558 | D:2      | Noticed Natasha
  1560 | D:2      | Killed Natasha
  1560 | D:2      | Reached XP level 6. HP: 49/51 MP: 6/6
  1642 | D:3      | Noticed Robin
  1666 | D:2      | XOM: summons 3 hostile demons
  1667 | D:2      | Noticed a soul eater
  1673 | D:2      | XOM: butterfly on damage
  1674 | D:2      | Mangled by a soul eater

Levels and vault maps discovered:
D:1:      lightli_arrival_farm, layout_basic
D:2:      layout_basic, first_ration, chequers_mini_garden, uniq_sigmund,
          uniq_natasha
D:3:      layout_rooms, ebering_dispersal_statue_hall, minmay_misc_feat_chi,
          uniq_robin

Skill      XL: |  1  2  3  4 |
---------------+-------------+-----
Axes           | 3 4 |  4.1
Fighting       | 4 5 |  5.1
Dodging        | 1 |  1.5
Armour         | 2 |  2.0
Stealth        | 1 |  1.3

Action                   |  1- 3 |  4- 6 || total
-------------------------+-------+-------++-------
Melee: Hand axe          |   107 |    36 ||   143
       Kick              |       |    11 ||    11
  Use: Scroll            |     9 |       ||     9
       Potion            |       |     4 ||     4
 Stab: Paralysed         |     2 |       ||     2
       Sleeping          |     1 |       ||     1
  Eat: Chunk             |     1 |     2 ||     3
Armor: Leather armour    |    52 |    14 ||    66
Dodge: Dodged            |    51 |    26 ||    77

Table legend:
 A = Non-vault XP
 B = Vault XP
 C = Vault XP percentage of total XP
 D = Non-vault monster count
 E = Vault monster count
 F = Vault count percentage of total count
                 A         B        C        D         E       F
            +---------+---------+-------+---------+---------+-------
      Total |     129 |     265 |  67.3 |      43 |       6 |  12.2
            +---------+---------+-------+---------+---------+-------
        D:1 |      45 |       0 |   0.0 |      26 |       0 |   0.0
        D:2 |      84 |     265 |  75.9 |      17 |       6 |  26.1
            +---------+---------+-------+---------+---------+-------
